 Dungeon Sprint DCSS version 0.19-a0-1587-gaef70b6 (webtiles) character file.

439 poirepourri the Covert (level 6, -2/30 HPs)
             Began as a Spriggan Enchanter on Sept 16, 2016.
             Was an Initiate of Dithmenos.
             Slain by a slime creature (19 damage)
             ... in the Dungeon (Sprint I: "Red Sonja").
             The game lasted 00:00:55 (335 turns).

poirepourri the Covert (Spriggan Enchanter)          Turns: 335, Time: 00:00:56

Health: -2/30      AC:  3    Str:  4    XL:     6   Next: 70%
Magic:  8/16       EV: 24    Int: 17    God:    Dithmenos [......]
Gold:   313        SH:  0    Dex: 18    Spells: 5 memorised, 5 levels left

rFire  . . .     SeeInvis +     a - +1 dagger
rCold  . . .     Gourm    .     b - +1 robe
rNeg   . . .     Faith    .     (shield restricted)
rPois  .         Spirit   .     (helmet restricted)
rElec  .         Dismiss  .     (no cloak)
rCorr  .         Reflect  .     (gloves unavailable)
MR     +....     Harm     .     (boots unavailable)
Stlth  +++++++... NoTele   +    (no amulet)
                                (no ring)
                                (no ring)

@: very quick
A: unfitting armour, see invisible, herbivore 3, speed 3, slow metabolism 2
a: Renounce Religion


You were in the Dungeon.
You worshipped Dithmenos.
Dithmenos was noncommittal.
You were not hungry.

You visited 1 branch You collected 313 gold pieces.

Inventory:

Hand Weapons
 a - a +1 dagger (weapon)
Armour
 b - a +1 robe (worn)
Scrolls
 j - a scroll of blinking
Potions
 e - a potion of curing
 f - a potion of heal wounds
 g - a potion of haste
 h - 2 potions of magic
Books
 c - a book of Maledictions

   Spells                             Type                      Level
   a - Corona                         Hexes                        1
   b - Ensorcelled Hibernation        Hexes/Ice                    2
   c - Confuse                        Hexes                        3
   d - Tukima's Dance                 Hexes                        3
   e - Dazzling Spray                 Conjuration/Hexes            3
Comestibles
 d - a bread ration


   Skills:
 + Level 1.4 Fighting
 + Level 4.2 Short Blades
 + Level 7.7 Dodging
 + Level 14.0 Stealth
 + Level 6.1 Spellcasting
 + Level 9.9 Hexes
 + Level 0.5 Ice Magic


You had 5 spell levels left.
You knew the following spells:

 Your Spells              Type           Power        Failure   Level  Hunger
a - Corona                Hex            #####..      1%          1    None
b - Ensorcelled Hibernat  Hex/Ice        ###...       2%          2    None
c - Confuse               Hex            #####...     1%          3    ##.....
d - Tukima's Dance        Hex            #####...     1%          3    ##.....
e - Dazzling Spray        Conj/Hex       ###...       6%          3    ##.....


Dungeon Overview and Level Annotations

Branches:
Dungeon (1/1)

Altars:
Cheibriados
Dithmenos
Elyvilon
Fedhas
Gozag
Hepliaklqana
Kikubaaqudgha
Makhleb
Nemelex Xobeh
Okawaru
Qazlal
Ru
Sif Muna
Trog
Uskayaw
Vehumet
Xom
Yredelemnul
Zin
The Shining One
Jiyva
Lugonu

Shops:
D :


Innate Abilities, Weirdness & Mutations

You are tiny and cannot use many weapons and most armour.
You have supernaturally acute eyesight. (SInv)
You are a herbivore.
You cover ground extremely quickly.
You need consume almost no food.


Message History

Aiming: Dazzling Spray
Press: ? - help, Shift-Dir - straight line, f/p - slime creature
Aim: a slime creature (lightly wounded)
The spray of energy hits the slime creature.
The slime creature is lightly wounded.
The slime creature is dazzled.
You barely miss the slime creature.
The slime creature is lightly wounded.
The slime creature misses you.
You hit the slime creature but do no damage.
The slime creature is lightly wounded.
The slime creature barely misses you.
You catch the helpless slime creature completely off-guard!
You impale the slime creature!!
The slime creature is severely wounded.
You hit the slime creature.
The slime creature is severely wounded.
The slime creature hits you!!
Ouch! That really hurt!
You die...

###################
#<.#.[').#J)'..#__#
#..'..#..'.@#..'..+
#..#####'#####'#__#
#..####..#...#)####
#..#__####..##[#
#..#_____##'#..+
#⌠⌠#_.∩..†'..._#
####_..__##_.#'#
#_____###+#.#
####### ###


You could see a slime creature (blind).

Vanquished Creatures
  Sigmund (D)
  A yak (D)
  An ogre (D)
  A jelly (D)
  Ijyb (D)
5 creatures vanquished.

Notes
Turn   | Place    | Note
-------+----------+-------------------------------------------
     0 | D        | poirepourri the Spriggan Enchanter began the quest for the Orb.
     0 | D        | Reached XP level 1. HP: 9/9 MP: 5/5
     2 | D        | Noticed Ijyb
    18 | D        | Killed Ijyb
    18 | D        | Reached skill level 1 in Fighting
    18 | D        | Reached skill level 5 in Dodging
    18 | D        | Reached skill level 7 in Stealth
    18 | D        | Reached XP level 2. HP: 13/14 MP: 6/6
   169 | D        | Learned a level 2 spell: Ensorcelled Hibernation
   174 | D        | Noticed an ogre
   176 | D        | Killed an ogre
   176 | D        | Reached skill level 10 in Stealth
   176 | D        | Reached XP level 3. HP: 18/18 MP: 5/9
   176 | D        | Reached XP level 4. HP: 22/22 MP: 5/10
   223 | D        | Noticed Sigmund
   226 | D        | Killed Sigmund
   226 | D        | Reached skill level 12 in Stealth
   226 | D        | Reached skill level 5 in Spellcasting
   226 | D        | Reached XP level 5. HP: 25/25 MP: 10/13
   240 | D        | Found a deep blue altar of Sif Muna.
   242 | D        | Found a radiant altar of Vehumet.
   246 | D        | Reached XP level 6. HP: 30/30 MP: 12/15
   267 | D        | Learned a level 3 spell: Confuse
   271 | D        | Learned a level 3 spell: Tukima's Dance
   275 | D        | Learned a level 3 spell: Dazzling Spray
   276 | D        | Found Goemahim's Book Emporium.
   276 | D        | Found an ancient bone altar of Kikubaaqudgha.
   276 | D        | Found a hazy altar of Hepliaklqana.
   276 | D        | Found a stormy altar of Qazlal.
   276 | D        | Found a hide-covered altar of Uskayaw.
   276 | D        | Found a blossoming altar of Fedhas.
   276 | D        | Found a bloodstained altar of Trog.
   276 | D        | Found an iron altar of Okawaru.
   276 | D        | Found a basalt altar of Yredelemnul.
   276 | D        | Found a glowing golden altar of the Shining One.
   276 | D        | Found a snail-covered altar of Cheibriados.
   276 | D        | Found a sacrificial altar of Ru.
   276 | D        | Found a glowing silver altar of Zin.
   276 | D        | Found a shadowy altar of Dithmenos.
   276 | D        | Found a white marble altar of Elyvilon.
   276 | D        | Noticed a yak
   277 | D        | Found an opulent altar of Gozag.
   278 | D        | Killed a yak
   278 | D        | Reached skill level 14 in Stealth
   279 | D        | Found a sparkling altar of Nemelex Xobeh.
   291 | D        | Became a worshipper of Dithmenos the Shadowed
   317 | D        | Found a burning altar of Makhleb.
   317 | D        | Found a viscous altar of Jiyva.
   317 | D        | Found a shimmering altar of Xom.
   317 | D        | Found a corrupted altar of Lugonu.
   317 | D        | Noticed a slime creature
   335 | D        | Slain by a slime creature

Vault maps used:
D:        dungeon_sprint_1

Skill      XL: |  1  2  3  4  5  6 |
---------------+-------------------+-----
Fighting       | 1 |  1.4
Short Blades   | 2 3 4 |  4.2
Dodging        | 5 6 7 |  7.7
Stealth        | 7 10 12 14 | 14.0
Spellcasting   | 3 5 6 |  6.1
Hexes          | 6 8 9 |  9.9
Ice Magic      | |  0.5

Action                   |  1- 3 |  4- 6 || total
-------------------------+-------+-------++-------
Melee: Dagger            |    14 |     7 ||    21
 Cast: Ensorcelled Hiber |     1 |       ||     1
       Dazzling Spray    |       |     2 ||     2
       Confuse           |       |     1 ||     1
  Use: Potion            |     1 |       ||     1
 Stab: Sleeping          |     2 |     3 ||     5
       Invisible         |       |     1 ||     1
Armor: Robe              |     1 |       ||     1
Dodge: Dodged            |     7 |     2 ||     9
